[Event "5th Cesme Open 2017"]
[Site "Cesme"]
[Date "2017.06.16"]
[Round "7.12"]
[White "Morchiashvili, Bachana"]
[Black "Rzayev, Askar Aliakbar"]
[Result "1-0"]
[ECO "E54"]
[WhiteElo "2403"]
[BlackElo "2082"]
[Annotator "RC"]
[PlyCount "91"]
[EventType "swiss"]
[EventCountry "TUR"]
[SourceTitle "playchess.com"]
[Source "ChessBase"]
[SourceQuality "1"]
[TimeControl "5400+30"]

1. d4 {[%emt 0:02:30] ]} Nf6 {[%emt 0:01:00] ]} 2. Nf3 {[%emt 0:00:30] ]} d5 {[%emt 0:00:30] ]} 3. c4 {[%emt 0:00:00] ]]} e6 {[%emt 0:00:30] ]]} 4. Nc3 {[%emt 0:00:00] ]]} Bb4 {[%emt 0:00:30] ]]} 5. e3 {[%emt 0:01:30] ]]} c5 {[%emt 0:00:30] ]]} 6. Bd3 {[%emt 0:00:30] ]]} dxc4 {[%emt 0:01:30] ]]} 7. Bxc4 {[%emt 0:00:30] ]]} cxd4 {[%emt 0:00:00] ]]} 8. exd4 {[%emt 0:00:30] ]} O-O {[%emt 0:00:00] ]]} 9. O-O {[%emt 0:00:00] ]]} b6 {[%emt 0:00:30] ]]} 10. Bg5 {[%emt 0:00:00] ]]} Bxc3 {[%emt 0:00:30] ]]} 11. bxc3 {[%emt 0:01:30] [%clk 1:29] )]} Qc7 {[%emt 0:00:30] %%} 12. Bxf6 {[%emt 0:01:30] %%} gxf6 {[%emt 0:01:30] %%} 13. Bd3 {[%emt 0:17:30] %} Bb7 {[%emt 0:04:30] %%} 14. Re1 Nd7 15. c4 Qf4 16. d5 Nc5 17. Nd4 Rad8 18. Re3 f5 19. Bc2 Kh8 20. Qd2 Qh6 21. Rae1 Qf6 22. Re5 Nd7 23. R5e2 Nc5 24. Re5 {[%emt 0:05:36] kk} Nd7 {[%emt 0:00:30] ]} 25. R5e2 {[%emt 0:00:18] kk} Nc5 {[%emt 0:00:00] 6]} 26. Qf4 {[%emt 0:00:51] k} Rg8 {[%emt 0:01:00] 4 [%clk 0:46:0]} 27. f3 {[%emt 0:10:17] c} exd5 {[%emt 0:09:30] ]} 28. cxd5 {[%emt 0:00:30] c} Bxd5 {[%emt 0:00:30] 8} 29. Nxf5 Bxa2 {[%emt 0:00:30] 5 [%clk 0:40:0]} 30. Qc1 Be6 31. Ng3 Nd3 32. Bxd3 Rxd3 33. Re5 Rd5 34. Nh5 Qxf3 35. Qb2 Rxe5 36. Qxe5+ f6 37. Qxf6+ Qxf6 38. Nxf6 Rg6 39. Rxe6 Kg7 40. Ne8+ Kf7 41. Rxg6 Kxg6 42. Kf2 a5 43. Nd6 a4 44. Nb5 Kf5 45. Ke3 Kg4 46. Ke4 1-0

[Event "5th Cesme Open 2017"]
[Site "Cesme"]
[Date "2017.06.16"]
[Round "7.17"]
[White "Aydincelebi, Kagan"]
[Black "Arat, Ufuk Sezen"]
[Result "0-1"]
[ECO "B13"]
[WhiteElo "1992"]
[BlackElo "2398"]
[Annotator "ChessBase"]
[PlyCount "96"]
[EventType "swiss"]
[EventCountry "TUR"]
[SourceTitle "playchess.com"]
[Source "ChessBase"]
[SourceQuality "1"]
[TimeControl "5400+30"]

1. e4 {[%emt 0:00:30] ]} c6 {[%emt 0:06:00] ]} 2. d4 {[%emt 0:00:00] ]} d5 {[%emt 0:00:30] ]} 3. exd5 {[%emt 0:00:00] ]} cxd5 {[%emt 0:00:00] ]} 4. c4 {[%emt 0:00:00] ]} Nf6 {[%emt 0:00:00] ]} 5. Nc3 {[%emt 0:00:00] ]]} Nc6 {[%emt 0:00:30] ]]} 6. Bg5 {[%emt 0:01:30] ]]} Be6 {[%emt 0:00:00] ]]} 7. Be2 {[%emt 0:00:30] ]]} Qa5 {[%emt 0:00:00] ]]} 8. Bf1 {[%emt 0:00:30] ]]} Qd8 {[%emt 0:00:30] [%clk 1:27]]} 9. Be2 {[%emt 0:02:30] [%} Qa5 {[%emt 0:00:30] [%} 10. Bxf6 gxf6 11. Nf3 Bh6 12. O-O O-O 13. c5 b6 14. cxb6 axb6 15. a3 Qa7 16. Bd3 {[%emt 0:02:30] ]} Qd7 {[%emt 0:01:30] ]} 17. h3 {[%emt 0:06:30] ]} Bf5 18. Nh4 {[%emt 0:04:30] ]} Bxd3 {[%emt 0:00:30] ]} 19. Qxd3 {[%emt 0:00:30] ]} e6 {[%emt 0:00:30] ]} 20. f4 {[%emt 0:03:30] ]} f5 {[%emt 0:03:30] ]} 21. Kh1 {[%emt 0:03:30] [%clk 0:23] )} Qd8 {[%emt 0:06:30] %} 22. g3 {[%emt 0:09:30] %} Kh8 {[%emt 0:00:30] %} 23. Nf3 {[%emt 0:00:30] %} Na5 {[%emt 0:00:30] %} 24. Rfe1 {[%emt 0:00:30] %} Nc4 25. Re2 Nd6 26. Rc2 Rg8 27. Kh2 Qe8 28. Ne2 f6 29. Qb3 Ne4 30. Rg1 Qh5 31. Qe3 Rg6 32. Rgc1 Rag8 33. Rc8 Bf8 34. Rg1 Rh6 35. Nh4 Qf7 36. Nf3 Nd6 37. Rc6 b5 38. b3 Ne4 39. a4 bxa4 40. bxa4 Qh5 41. h4 Bd6 42. Rg2 Qe8 43. Qc1 Qa8 44. Nd2 Ba3 45. Qxa3 Qxc6 46. Nxe4 fxe4 47. Nc3 Rhg6 48. a5 R6g7 0-1

[Event "5th Cesme Open 2017"]
[Site "Cesme"]
[Date "2017.06.16"]
[Round "7.20"]
[White "Tuncer, Tuna"]
[Black "Nalbant, Tuna Onat"]
[Result "1/2-1/2"]
[ECO "B51"]
[WhiteElo "2302"]
[BlackElo "1993"]
[Annotator "ChessBase"]
[PlyCount "90"]
[EventType "swiss"]
[EventCountry "TUR"]
[SourceTitle "playchess.com"]
[Source "ChessBase"]
[SourceQuality "1"]
[TimeControl "5400+30"]

1. e4 {[%emt 0:01:30] 3} c5 {[%emt 0:01:00] 3} 2. Nf3 {[%emt 0:00:30] 3} d6 {[%emt 0:00:00] 3} 3. Bb5+ {[%emt 0:00:30] 3} Nd7 {[%emt 0:00:00] 3} 4. O-O {[%emt 0:00:30] 3} a6 {[%emt 0:00:30] 3} 5. Bd3 {[%emt 0:00:00] 33} Ngf6 {[%emt 0:01:30] 33} 6. Re1 {[%emt 0:00:00] 33} e6 {[%emt 0:02:30] 33} 7. c3 {[%emt 0:02:30] [%clk 1:28]5} Be7 {[%emt 0:00:30] %%} 8. Bc2 {[%emt 0:00:30] %%} O-O 9. d4 Qc7 10. Nbd2 b5 11. Nf1 Bb7 12. Ng3 Rac8 13. Bd3 Rfe8 14. Bd2 Bf8 15. Qe2 e5 16. d5 c4 17. Bc2 Nc5 18. a4 Rb8 19. Ra3 Bc8 20. Rea1 Nfd7 21. Be3 Nb6 22. Nd2 {[%emt 0:01:30] ]} Bd7 {[%emt 0:26:30] ]} 23. axb5 {[%emt 0:09:30] ]} axb5 {[%emt 0:00:30] ]} 24. Qd1 Nca4 {[%emt 0:05:30] %} 25. R1a2 {[%emt 0:14:30] %} Rec8 {[%emt 0:00:30] % [%clk 0:21:0]} 26. Bxb6 Rxb6 27. Bxa4 bxa4 28. Ngf1 Qc5 29. Qc2 g6 30. Ne3 Bb5 31. Qd1 Bh6 32. Nc2 Rf8 33. Nb4 Rb7 34. Qe2 f5 35. exf5 gxf5 36. Ra1 Rg7 37. Kh1 Kh8 38. Rf1 Rfg8 39. g3 Bd7 40. Raa1 Qc8 41. Rad1 f4 42. Ne4 f3 43. Qc2 Bh3 44. Rfe1 Bg2+ 45. Kg1 Qh3 1/2-1/2

[Event "5th Cesme Open 2017"]
[Site "Cesme"]
[Date "2017.06.16"]
[Round "7.21"]
[White "Kuyucuogullari, Cagakan"]
[Black "Barik, Ertunc Bahadir"]
[Result "1-0"]
[ECO "B06"]
[WhiteElo "1505"]
[BlackElo "1538"]
[Annotator "NA"]
[PlyCount "49"]
[EventType "swiss"]
[EventCountry "TUR"]
[SourceTitle "playchess.com"]
[Source "ChessBase"]
[SourceQuality "1"]
[TimeControl "5400+30"]

1. d4 {[%emt 0:01:30] 8} g6 {[%emt 0:01:00] 8} 2. e4 {[%emt 0:01:30] 8} Bg7 {[%emt 0:00:00] 8} 3. Nf3 {[%emt 0:00:00] 8} d6 {[%emt 0:00:00] 8} 4. Nc3 {[%emt 0:03:00] 8} Nd7 5. Bc4 {[%emt 0:03:30] %} Ngf6 {[%emt 0:00:30] %} 6. Bxf7+ {[%emt 0:05:30] %} Kxf7 {[%emt 0:00:30] %} 7. Ng5+ {[%emt 0:00:30] %} Kg8 {[%emt 0:00:30] %} 8. Ne6 Qe8 9. Nxc7 Qf7 10. Nxa8 e5 11. Be3 h5 12. h3 exd4 13. Bxd4 Nc5 14. Bxc5 dxc5 15. Qd6 Be6 16. Nc7 Bc4 17. O-O-O Bxa2 18. b3 Kh7 19. e5 {[%emt 0:09:33] k} Ne4 {[%emt 0:17:30] 7} 20. Nxe4 Qf4+ {[%emt 0:00:30] 5} 21. Nd2 Bxe5 {[%emt 0:00:30] ]} 22. Qe7+ Kh6 {[%emt 0:00:30] 1} 23. Ne6 Qb4 24. Qg5+ Kh7 25. Qxe5 1-0

[Event "5th Cesme Open 2017"]
[Site "Cesme"]
[Date "2017.06.16"]
[Round "7.22"]
[White "Tokat, Nehir"]
[Black "Ekici, Caner"]
[Result "1-0"]
[ECO "D46"]
[WhiteElo "1493"]
[BlackElo "1681"]
[Annotator "NA"]
[PlyCount "129"]
[EventType "swiss"]
[EventCountry "TUR"]
[SourceTitle "playchess.com"]
[Source "ChessBase"]
[SourceQuality "1"]
[TimeControl "5400+30"]

1. d4 {[%emt 0:00:30] .1} d5 {[%emt 0:01:00] .1} 2. c4 {[%emt 0:00:00] .1} c6 {[%emt 0:00:00] .1} 3. e3 {[%emt 0:00:00] .1} Nf6 {[%emt 0:00:00] .1} 4. Nc3 {[%emt 0:00:00] .1} e6 {[%emt 0:00:00] .} 5. Bd3 {[%emt 0:00:00] ..} Be7 {[%emt 0:00:00] ..} 6. Nf3 {[%emt 0:00:30] ..} O-O {[%emt 0:00:30] ..} 7. O-O {[%emt 0:00:00] ..} Nbd7 {[%emt 0:00:30] ..} 8. e4 {[%emt 0:00:00] [%clk 1:33]9} dxe4 {[%emt 0:09:30] c[} 9. Nxe4 c5 10. Nxf6+ Nxf6 11. Bc2 b6 12. Bg5 Bb7 13. dxc5 bxc5 14. Qe2 {[%emt 0:02:30] ]} Qc7 {[%emt 0:00:30] ]} 15. Rfd1 {[%emt 0:05:30] ]} Rad8 {[%emt 0:01:30] ]} 16. Bh4 {[%emt 0:04:30] ]} Qf4 {[%emt 0:09:30] ]} 17. Bg3 {[%emt 0:05:30] ]} Bxf3 {[%emt 0:04:30] ]} 18. gxf3 {[%emt 0:00:30] ]} Qh6 {[%emt 0:01:30] ]} 19. Qe3 Qxe3 {[%emt 0:07:30] ]} 20. fxe3 {[%emt 0:00:00] ]} Rxd1+ {[%emt 0:02:30] ]} 21. Rxd1 {[%emt 0:00:00] ]} Rd8 {[%emt 0:00:00] ]} 22. Bc7 {[%emt 0:01:30] ]} Rxd1+ {[%emt 0:01:00] ]} 23. Bxd1 {[%emt 0:00:30] ]} Nd7 {[%emt 0:00:30] ]} 24. Ba4 {[%emt 0:00:30] ]} Nb6 {[%emt 0:00:00] ]} 25. Bb5 {[%emt 0:00:30] ]} Nc8 {[%emt 0:02:00] ]} 26. Ba6 {[%emt 0:00:30] ]} Bd6 27. Bxd6 {[%emt 0:02:30] ]} Nxd6 {[%emt 0:00:00] ]} 28. a3 {[%emt 0:00:30] ]} Kf8 {[%emt 0:00:00] ]} 29. b4 {[%emt 0:00:30] ]} cxb4 {[%emt 0:00:00] ]} 30. axb4 {[%emt 0:00:30] ]} Ke8 {[%emt 0:01:00] ]} 31. e4 {[%emt 0:04:30] ]} Kd8 {[%emt 0:00:00] ]} 32. Kf2 {[%emt 0:01:30] ]} Kc7 {[%emt 0:01:00] ]} 33. c5 {[%emt 0:01:30] ]} Ne8 {[%emt 0:00:30] ]} 34. Ke3 {[%emt 0:01:30] ]} Kc6 {[%emt 0:00:30] ]} 35. Kd4 {[%emt 0:01:30] ]} Nc7 {[%emt 0:01:30] ]} 36. Bc4 a6 {[%emt 0:02:30] ]} 37. f4 {[%emt 0:02:30] ]} f6 {[%emt 0:03:30] ]} 38. h4 h6 {[%emt 0:08:30] [} 39. h5 {[%emt 0:10:30] [} Kd7 40. f5 e5+ 41. Kc3 Kc6 42. Kb3 a5 43. Be2 axb4 44. Kxb4 Kb7 45. Kc4 Kc6 46. Bd1 Kb7 47. Bb3 Kc6 48. Ba4+ Kb7 49. Kb4 Na6+ 50. Kb5 Nc7+ 51. Ka5 Na6 52. c6+ Ka7 53. Kb5 Nc7+ 54. Kc5 Ne8 55. Bb3 Kb8 56. Bf7 Nc7 57. Kd6 Nb5+ 58. Kd7 Nc7 59. Bc4 Na8 60. Ke8 Nb6 61. Bb5 Nc8 62. Kf8 Nd6 63. Bd3 Kc7 64. Kxg7 Ne8+ 65. Kxh6 1-0

[Event "5th Cesme Open 2017"]
[Site "Cesme"]
[Date "2017.06.16"]
[Round "7.23"]
[White "Daloglu, Berkay"]
[Black "Ulas, Uygar"]
[Result "1-0"]
[ECO "A30"]
[WhiteElo "1659"]
[BlackElo "1518"]
[Annotator "NA RC"]
[PlyCount "135"]
[EventType "swiss"]
[EventCountry "TUR"]
[SourceTitle "playchess.com"]
[Source "ChessBase"]
[SourceQuality "1"]
[TimeControl "5400+30"]

1. Nf3 {[%emt 0:00:30] 0]} Nf6 {[%emt 0:06:00] 0]} 2. g3 {[%emt 0:00:00] 0]} g6 {[%emt 0:00:00] 0} 3. b3 {[%emt 0:00:00] 00} b6 {[%emt 0:00:00] 00} 4. Bg2 {[%emt 0:00:30] 00} Bb7 {[%emt 0:00:30] 00} 5. Bb2 {[%emt 0:00:30] 00} Bg7 {[%emt 0:00:30] [%clk 1:25]]} 6. c4 {[%emt 0:00:30] %%} O-O 7. O-O c5 8. Qc2 Qc7 9. Nc3 a6 10. e3 Nc6 11. d4 cxd4 12. exd4 e6 13. Rac1 d5 14. cxd5 exd5 15. Rfe1 Qd6 16. Na4 Bh6 17. Rcd1 {[%emt 0:03:30] [%clk 0:19.55] 0} Rfe8 {[%emt 0:20:30] %} 18. Nxb6 {[%emt 0:09:35] k} Nb4 {[%emt 0:00:30] 5} 19. Qc5 Rad8 {[%emt 0:00:30] 5} 20. Rxe8+ Nxe8 {[%emt 0:00:30] ] [%clk 0:22:0]} 21. Qxd6 Nxd6 22. a3 Nc2 23. Ne5 Nf5 24. Na4 f6 25. Ng4 Bg7 26. Nc5 Bc6 27. Ne6 Rd6 28. Nxg7 Kxg7 29. h4 Re6 30. Nh2 Re1+ 31. Rxe1 Nxe1 32. Bf1 Bb5 33. Bxb5 axb5 34. Kf1 Nd3 35. Bc3 Nc1 36. b4 Nd6 37. Ng4 Ne4 38. Be1 Nb3 39. Ne3 Nxd4 40. Nxd5 Nc2 41. f3 Nd6 42. Bc3 Nxa3 43. Nxf6 Kf7 44. Nxh7 Nb1 45. Be1 Na3 46. Bc3 Nb1 47. Ng5+ Ke7 48. Bd4 Nf5 49. Bc5+ Kd7 50. Ne4 Kc6 51. Ke2 Kd5 52. Kd3 Kc6 53. Bf2 Na3 54. g4 Ne7 55. h5 gxh5 56. gxh5 Nf5 57. Ng3 Nh6 58. Be3 Nf7 59. h6 Nc4 60. Nf5 Nce5+ 61. Ke4 Ng6 62. Nd4+ Kb6 63. Kf5 Nfh8 64. Kf6 Ka6 65. f4 Nf8 66. f5 Nd7+ 67. Kg7 Ne5 68. Kxh8 1-0

[Event "5th Cesme Open 2017"]
[Site "Cesme"]
[Date "2017.06.16"]
[Round "7.24"]
[White "Ersoy, Bora"]
[Black "Danaci, Turhan Can"]
[Result "1/2-1/2"]
[ECO "D58"]
[WhiteElo "1675"]
[BlackElo "1588"]
[Annotator "NA RC"]
[PlyCount "114"]
[EventType "swiss"]
[EventCountry "TUR"]
[SourceTitle "playchess.com"]
[Source "ChessBase"]
[SourceQuality "1"]
[TimeControl "5400+30"]

1. d4 {[%emt 0:00:30] 9]} d5 {[%emt 0:06:00] 9]} 2. c4 {[%emt 0:00:00] 9]} e6 {[%emt 0:00:30] 9]} 3. Nf3 {[%emt 0:00:00] [%clk 1:30]5} Nf6 {[%emt 0:03:30] %%} 4. Bg5 {[%emt 0:01:30] %%} Be7 {[%emt 0:00:30] %%} 5. e3 {[%emt 0:00:30] %%} Nbd7 {[%emt 0:03:30] %%} 6. Nc3 {[%emt 0:00:30] %} h6 {[%emt 0:01:30] ]} 7. Bh4 {[%emt 0:00:00] ]} O-O {[%emt 0:00:30] ]} 8. Bd3 dxc4 {[%emt 0:06:30] ]} 9. Bxc4 {[%emt 0:02:30] ]} b6 {[%emt 0:00:30] ]} 10. O-O {[%emt 0:00:30] ]} Bb7 {[%emt 0:00:30] ]} 11. Be2 {[%emt 0:00:30] ]} Ne4 {[%emt 0:12:30] ]} 12. Bg3 {[%emt 0:07:30] ]} Nxg3 {[%emt 0:02:30] ]} 13. hxg3 {[%emt 0:01:30] ]} c5 {[%emt 0:02:30] ]} 14. Qb3 {[%emt 0:03:30] ]} cxd4 {[%emt 0:08:30] ]} 15. exd4 {[%emt 0:00:30] ]} Nf6 {[%emt 0:01:30] ]} 16. Rfd1 {[%emt 0:03:30] ]} Nd5 {[%emt 0:03:30] ]} 17. Rac1 {[%emt 0:04:30] ]} Rc8 18. Bc4 {[%emt 0:12:30] ]} Bf6 {[%emt 0:16:30] [%clk 0:15.10] 0} 19. a4 {[%emt 0:29:30] c} Nxc3 {[%emt 0:07:20] k} 20. bxc3 {[%emt 0:00:30] 0} Bd5 21. Bxd5 {[%emt 0:00:30] 0} exd5 22. Re1 {[%emt 0:02:30] 0 [%clk 0:29:0]} Qd7 23. Qb5 Qxb5 24. axb5 Rc4 25. Ne5 Bxe5 26. Rxe5 Rd8 27. Kf1 Kf8 28. Ke2 f6 29. Re3 Rdc8 30. Kd2 Ra4 31. Rc2 Ra1 32. Ke2 Rb1 33. Kf3 Rxb5 34. Kf4 Kf7 35. Rce2 Rc7 36. Re8 a5 37. Kf5 Rb3 38. Rd8 Rb5 39. Ree8 g6+ 40. Kf4 Re7 41. Rf8+ Ke6 42. Rc8 Rb2 43. Kf3 a4 44. Rc6+ Kd7 45. Rfxf6 b5 46. Ra6 Rb3 47. Rxg6 Rxc3+ 48. Kg4 a3 49. Ra7+ Ke8 50. Rxh6 Rxa7 51. Rh8+ Kd7 52. Rh7+ Kc6 53. Rxa7 Kb6 54. Ra8 Kb7 55. Ra5 Kb6 56. Ra8 Kb7 57. Ra5 Kb6 1/2-1/2